 Dungeon Crawl Stone Soup version 0.22-a0-618-gd6a3efe (webtiles) character file.

96 Ijustatesigmund the Skirmisher (level 4, 0/32 HPs)
             Began as an Octopode Fighter on July 13, 2018.
             Succumbed to an adder's poison
             ... on level 2 of the Dungeon.
             The game lasted 00:03:36 (2001 turns).

Ijustatesigmund the Skirmisher (Octopode Fighter)   Turns: 2001, Time: 00:03:37

Health: 0/32       AC:  1    Str: 15    XL:     4   Next: 67%
Magic:  4/4        EV: 12    Int: 10    God:
Gold:   27         SH:  9    Dex: 12    Spells: 3/3 levels left

rFire    . . .     SeeInvis .   a - +0 war axe
rCold    . . .     Gourm    .   b - +0 shield
rNeg     . . .     Faith    .   (helmet restricted)
rPois    .         Spirit   .   (no amulet)
rElec    .         Reflect  .   (no ring)
rCorr    .         Harm     .   (no ring)
MR       .....                  (no ring)
Stlth    ++........             (no ring)
HPRegen  0.10/turn              (no ring)
MPRegen  0.09/turn              (no ring)
                                (no ring)
                                (no ring)

@: lethally poisoned (0 -> -2), hasted, very quick
A: almost no armour, stealthy swim, amphibious, 8 rings, constrict 8, camouflage
1, gelatinous body 1
a: no special abilities


You were on level 2 of the Dungeon.
You were not hungry.

You visited 1 branch of the dungeon, and saw 3 of its levels.

You collected 27 gold pieces.

Inventory:

Hand Weapons
 a - a +0 war axe (weapon)
Armour
 b - a +0 shield (worn)
Scrolls
 e - 3 scrolls of teleportation
 h - a scroll of identify
Potions
 c - 3 potions of might
 i - a potion of brilliance
 j - a potion of invisibility
Comestibles
 d - 6 rations
 g - 5 chunks of flesh


   Skills:
 + Level 3.6 Fighting
 * Level 3.6 Axes
 - Level 3.0 Dodging
 + Level 3.6 Shields


You had 3 spell levels left.
You didn't know any spells.
Your spell library was empty.

Dungeon Overview and Level Annotations

Branches:
Dungeon (3/15)

Altars:
Okawaru


Innate Abilities, Weirdness & Mutations

You cannot wear most types of armour.
You are very stealthy in the water. (Stealth+)
You are amphibious.
You can wear up to eight rings at the same time.
You can use your tentacles to constrict eight enemies at once.
Your skin changes colour to match your surroundings (Stealth+).
Your rubbery body absorbs attacks. (AC +1, EV +1)


Message History

You feel sick.
* * * LOW HITPOINT WARNING * * *
You feel sick.
* * * LOW HITPOINT WARNING * * *
You feel sick.
There is a stone staircase leading up here.
You climb upwards.
* * * LOW HITPOINT WARNING * * *
You feel sick.
There is a stone staircase leading down here.
Okay, then.
* * * LOW HITPOINT WARNING * * *
You feel sick.
* * * LOW HITPOINT WARNING * * *
You feel sick.
* * * LOW HITPOINT WARNING * * *
You feel sick.
* * * LOW HITPOINT WARNING * * *
You feel sick.
You die...

#.........#.##.##.##..#
###########.#.##.##.#...#
....#.....#.#.##.##.#.#)#
###.#.###.#.#.##.##.#.#.#
#.#.#[#.#.#.##.##.#.#.#########
#.#.#.....#.##'##.#............
###'#.#####.#....>#.#..#.########
...(........#.....#.#..#.#
......#######...@.#.#..#.#
......### #...##'##.#..#.#
......'.###.####.##.#..#.#
......#.#...# #.##.#..#.#
#######.#.######.##<...#.#
#.#.........#.#..#.#
###'##############.#.########
#.....#............#.........
#.....#.############.########


There were no monsters in sight!

Vanquished Creatures
  An iguana (D:2)
  3 adders
  2 dart slugs
  A leopard gecko (D:1)
  A bat (D:1)
  A giant cockroach (D:2)
  8 hobgoblins
  6 jackals
  A frilled lizard (D:2)
  5 goblins
  2 kobolds
  9 rats
40 creatures vanquished.

Notes
Turn   | Place    | Note
-------+----------+-------------------------------------------
     0 | D:1      | Ijustatesigmund the Octopode Fighter began the quest for the Orb.
     0 | D:1      | Reached XP level 1. HP: 16/16 MP: 1/1
   204 | D:1      | Reached XP level 2. HP: 21/21 MP: 2/2
   652 | D:1      | Reached XP level 3. HP: 26/26 MP: 3/3
  1003 | D:2      | Found an iron altar of Okawaru.
  1294 | D:2      | Reached XP level 4. HP: 23/32 MP: 4/4
  1990 | D:2      | HP: 1/32 [poisoned by an adder]
  1995 | D:2      | HP: 1/32 [poisoned by an adder]
  2001 | D:2      | Succumbed to an adder's poison

Vault maps used:
D:1:      dpeg_arrival_leaves_temple_mockup
D:2:      okawaru_trees_1, kennysheep_generic_room_10
D:3:      nicolae_overflow_crystal_walls, minmay_fountain_box, uniq_jessica,
          uniq_natasha

Skill      XL: |  1  2  3 |
---------------+----------+-----
Axes           | 3 |  3.6
Fighting       | |  3.6
Dodging        | |  3.0
Shields        | |  3.6

Action                   |  1- 3 |  4- 6 || total
-------------------------+-------+-------++-------
Melee: War axe           |    58 |    11 ||    69
       Constrict         |    13 |     4 ||    17
       Tentacles         |    10 |     3 ||    13
  Use: Scroll            |     6 |     1 ||     7
       Potion            |       |     1 ||     1
 Stab: Sleeping          |    10 |     1 ||    11
  Eat: Chunk             |     1 |     2 ||     3
Armor: Skin              |     8 |     1 ||     9
Dodge: Dodged            |    25 |     4 ||    29
Block: Shield            |    24 |     6 ||    30

Table legend:
 A = Spawn XP
 B = Non-spawn XP
 C = Spawn XP percentage of total XP
 D = Spawn monster count
 E = Non-spawn monster count
 F = Spawn count percentage of total count
 G = Total turns spent on level
                    A         B        C        D         E        F      G
               +---------+---------+-------+---------+---------+-------+---------
         Total |       0 |     138 |   0.0 |       0 |      40 |   0.0 |  2001
               +---------+---------+-------+---------+---------+-------+---------
           D:1 |       0 |      40 |   0.0 |       0 |      23 |   0.0 |   870
           D:2 |       0 |      85 |   0.0 |       0 |      16 |   0.0 |  1100
           D:3 |       0 |      13 |   0.0 |       0 |       1 |   0.0 |    31
               +---------+---------+-------+---------+---------+-------+---------
